 Dungeon Crawl Stone Soup version 0.25.1-2-g60ff931df9 (webtiles) character file.

Game seed: 13999974827547687779

16020 pokeman the Thaumaturge (level 12, -2/64 HPs)
             Began as a Deep Elf Wizard on Oct 18, 2020.
             Was an Elder of Vehumet.
             Slain by an eight-headed hydra (6 damage)
             ... in a Gauntlet.
             The game lasted 01:15:20 (17056 turns).

pokeman the Thaumaturge (Deep Elf Wizard)          Turns: 17056, Time: 01:15:22

Health: -2/64      AC: 13    Str:  4    XL:     12   Next: 6%
Magic:  31/32      EV: 12    Int: 35    God:    Vehumet [****..]
Gold:   921        SH:  0    Dex: 13    Spells: 28/40 levels left

rFire    . . .     SeeInvis .   e - +3 whip (elec)
rCold    + . .     Gourm    .   (no shield)
rNeg     . . .     Faith    .   X - +3 troll leather armour {Snorg}
rPois    .         Spirit   .   c - +0 helmet
rElec    .         Reflect  .   (no cloak)
rCorr    .         Harm     .   (no gloves)
MR       +....     NoTele   +   M - +0 pair of boots
Stlth    ++........             f - amulet "Dutacsad" {RegenMP +Blink rC+ Slay+2}
HPRegen  0.60/turn              S - +6 ring of intelligence
MPRegen  0.48/turn              y - +4 ring of protection

@: slowed, very slow
A: no striking features
a: Renounce Religion, Evoke Blink


You were in a Gauntlet.
You worshipped Vehumet.
Vehumet was greatly pleased with you.
You were hungry.

You visited 2 branches of the dungeon, and saw 13 of its levels.
You also visited: Gauntlet.

You collected 963 gold pieces.
You spent 42 gold pieces at shops.

Inventory:

Hand Weapons
 e - a +3 whip of electrocution (weapon)
 i - the +3 spear of Battle {flame, rF+, unknown}
   (You found it in a Gauntlet)

   It has been specially enchanted to burn those struck by it, causing extra
   injury to most foes and up to half again as much damage against particularly
   susceptible opponents.
   It protects you from fire.
 O - a +0 hand crossbow
Missiles
 P - 38 bolts
Armour
 c - a +0 helmet (worn)
 z - a +2 kite shield
 A - a +0 leather armour of cold resistance
 M - a +0 pair of boots (worn)
 X - a +3 troll leather armour (worn) {Snorg}
Jewellery
 f - the amulet "Dutacsad" (around neck) {RegenMP +Blink rC+ Slay+2}
   (You found it in a Gauntlet)

   [amulet of magic regeneration]

   It increases your magic regeneration.
   It affects your accuracy and damage with ranged weapons and melee attacks
   (+2).
   It protects you from cold.
   It lets you blink.
 k - an uncursed ring of resist corrosion {unknown}
 y - a +4 ring of protection (right hand)
 S - a +6 ring of intelligence (left hand)
Wands
 C - a wand of clouds (22)
 D - a wand of digging (10)
 G - a wand of iceblast (10)
Scrolls
 b - 4 scrolls of enchant weapon
 g - 4 scrolls of fog
 h - a scroll of teleportation
 j - a scroll of fear
 m - 5 scrolls of remove curse
 o - 2 scrolls of amnesia
 r - 2 scrolls of enchant armour
 t - a scroll of magic mapping
 w - 5 scrolls of blinking
Potions
 a - 2 potions of heal wounds
 J - a potion of flight
 L - 3 potions of haste
 N - 6 potions of curing
Miscellaneous
 T - a lightning rod (4/4)
Comestibles
 d - 20 rations


   Skills:
 - Level 3.0 Fighting
 + Level 3.5 Armour
 - Level 3.0 Dodging
 - Level 3.2 Stealth
 - Level 4.0 Shields
 * Level 14.9 Spellcasting
 * Level 12.3 Conjurations
 - Level 1.1 Summonings
 - Level 1.1 Translocations
 + Level 8.2 Fire Magic
 - Level 1.0 Air Magic
 - Level 1.0 Poison Magic
 - Level 1.0 Evocations


You had 28 spell levels left.
You knew the following spells:

 Your Spells              Type           Power        Failure   Level  Hunger
a - Magic Dart            Conj           ####         0%          1    None
b - Mephitic Cloud        Conj/Pois/Air  ######..     1%          3    None
c - Call Imp              Summ           ####....     2%          2    None
d - Blink                 Tloc           N/A          2%          2    None
e - Conjure Flame         Conj/Fire      #######.     1%          3    None
f - Foxfire               Conj/Fire      ####         1%          1    None

Your spell library contained the following spells:

 Spells                   Type           Power        Failure   Level  Hunger
 Airstrike                Air            ####......   4%          4    None
 Freeze                   Ice            ####         1%          1    None
 Dazzling Flash           Conj/Hex       ######       1%          3    None
 Hailstorm                Conj/Ice       ######..     1%          4    None
 Corona                   Hex            ####...      2%          1    None
 Frozen Ramparts          Ice            ####..       2%          3    None
 Ensorcelled Hibernation  Hex/Ice        ####..       3%          2    None
 Slow                     Hex            ####....     3%          2    None
 Gell's Gravitas          Tloc           ####......   4%          3    None
 Confusing Touch          Hex            ####....     8%          3    None
 Ozocubu's Armour         Chrm/Ice       ####....     8%          3    None
 Tukima's Dance           Hex            ####....     8%          3    None
 Yara's Violent Unravell  Hex/Tmut       ####......   17%         5    None
 Summon Ice Beast         Ice/Summ       ####....     21%         4    None
 Petrify                  Tmut/Erth      ####....     26%         4    None
 Metabolic Englaciation   Hex/Ice        ####......   56%         5    None


Dungeon Overview and Level Annotations

Branches:
Dungeon (12/15)            Temple (1/1) D:5            Lair (0/6) D:11
    Orc (0/2) D:12        Gauntlet (1/1)

Altars:
Ashenzari
Cheibriados
Dithmenos
Elyvilon
Fedhas
Hepliaklqana
Kikubaaqudgha
Makhleb
Nemelex Xobeh
Okawaru
Qazlal
Ru
Trog
Uskayaw
Vehumet
Wu Jian
Xom
Yredelemnul
Zin
The Shining One

Shops:
D:6 }   D:7 *

Annotations:
D:11 3 runed translucent doors, Atlas's ghost, journeyman DsMo Gauntlet 9 transporters


Message History

Unknown command.
Casting: Blink (safe; 2% risk of failure)
Confirm with . or Enter, or press ? or * to list all spells.
You blink.
The eight-headed hydra bites you but does no damage.
The eight-headed hydra bites you.
The eight-headed hydra closely misses you.
The eight-headed hydra bites you! The eight-headed hydra bites you.
The eight-headed hydra closely misses you.
The eight-headed hydra barely misses you.
The eight-headed hydra bites you but does no damage.
The eight-headed hydra bites you.
* * * LOW HITPOINT WARNING * * *
The eight-headed hydra bites you.
* * * LOW HITPOINT WARNING * * *
The eight-headed hydra bites you but does no damage.
The eight-headed hydra bites you!
* * * LOW HITPOINT WARNING * * *
The eight-headed hydra bites you.
You die...

.....#.©.#.....###########...§#
...#########...#^........#...##
...#hR○...h#...#.#.#.#.#^#...§#
...#.#####E#...#.^#.#^#..#...##
...#...#☼.h#...#.#.#.#.#.#...≈#
.8.####©####.8.#..#.©.#..#.8.##
...#hh.#..○#...#.#.#^#.#.#...≈#
...#E#####R#...#w.#(#^#..#...##
...#E%/©☼.h#...#@#^#.#.#.#...≈#
...#########...#.D§.©!.^.#...##
...............###########...≈#
.8.....8.....8...............##
....................8......8.§#
.#≈#########≈#....§§§........##
####.......####≈#≈#§#≈#≈#≈#≈##
# #..8.8.8..# ###############
#...©.©.©...#


You could see an eight-headed hydra, a torpor snail, an efreet, a fire elemental
and 3 hell hounds.

Vanquished Creatures
  Snorg (D:10)
  Erolcha (D:10)
  A hydra (D:6)
  2 two-headed ogres
  Sonja (D:10)
  Pikel (D:7)
  A deep troll (D:10)
  3 ugly things (D:11)
  A cyclops (D:10)
  An oklob plant (D:9)
  Maggie (D:6)
  2 trolls
  4 slime creatures (D:11)
  3 hippogriffs (D:8)
  Sigmund (D:4)
  A vampire (D:8)
  A wraith (D:12)
  A spriggan (D:10)
  Eustachio (D:4)
  A steam dragon (D:11)
  2 hungry ghosts
  A water moccasin (D:9)
  Duvessa (D:6)
  A necrophage (D:8)
  3 orc warriors
  3 phantoms
  2 sky beasts (D:8)
  A slave (D:7)
  6 ice beasts
  A tengu (shapeshifter) (Gauntlet)
  5 centaurs
  2 big kobolds
  Dowan (D:6)
  9 bullfrogs
  4 scorpions
  A water moccasin skeleton (D:9)
  11 killer bees
  7 wights
  A howler monkey (D:6)
  2 centaur zombies
  7 crimson imps
  3 bullfrog zombies
  4 hounds
  A jelly (shapeshifter) (Gauntlet)
  5 orc priests
  A jelly (D:10)
  A gnoll shaman (D:9)
  7 orc wizards
  5 bullfrog skeletons
  A centaur skeleton (D:7)
  Ijyb (D:3)
  4 iguanas
  16 worker ants
  A hound zombie (D:10)
  A howler monkey zombie (D:9)
  Robin (D:3)
  A worker ant zombie (D:8)
  8 gnolls
  9 adders
  A shadow imp (D:9)
  An ooze (D:7)
  2 adder skeletons
  An adder zombie (D:7)
  A worm (D:2)
  3 dart slugs
  9 leopard geckos
  50 orcs
  4 bats
  6 giant cockroaches
  15 goblins
  14 hobgoblins
  4 jackals
  9 kobolds
  8 quokkas
  3 ball pythons
  6 frilled lizards
  10 rats
  2 foxfires (D:10)
319 creatures vanquished.

Vanquished Creatures (collateral kills)
  A slime creature (D:11)
  A bullfrog (D:8)
  A killer bee (D:12)
  A centaur zombie (D:3)
  An adder (D:8)
  An orc (D:3)
  A goblin (D:3)
  A hobgoblin (D:3)
8 creatures vanquished.

Vanquished Creatures (others)
  A bullfrog (D:7)
  A centaur zombie (D:7)
  A giant cockroach (D:7)
  A demonic plant (Gauntlet)
  437 foxfires
  3 plants (D:11)
444 creatures vanquished.

Grand Total: 771 creatures vanquished

Notes
Turn   | Place    | Note
-------+----------+-------------------------------------------
     0 | D:1      | pokeman the Deep Elf Wizard began the quest for the Orb.
     0 | D:1      | Reached XP level 1. HP: 10/10 MP: 7/7
   218 | D:1      | Reached XP level 2. HP: 15/15 MP: 4/9
   359 | D:1      | Reached skill level 5 in Spellcasting
   565 | D:1      | Found an iron altar of Okawaru.
   936 | D:1      | Reached XP level 3. HP: 19/19 MP: 8/11
   941 | D:1      | Learned a level 3 spell: Mephitic Cloud
   944 | D:1      | Learned a level 2 spell: Call Imp
   948 | D:1      | Learned a level 2 spell: Blink
   952 | D:1      | Learned a level 3 spell: Conjure Flame
  1494 | D:2      | Found a hide-covered altar of Uskayaw.
  1546 | D:2      | Found a sacrificial altar of Ru.
  1560 | D:2      | Reached XP level 4. HP: 18/24 MP: 9/13
  1742 | D:2      | Found an ancient bone altar of Kikubaaqudgha.
  2482 | D:3      | Reached skill level 6 in Spellcasting
  2581 | D:3      | Reached skill level 1 in Poison Magic
  2581 | D:3      | Reached XP level 5. HP: 11/28 MP: 2/15
  2984 | D:3      | Noticed Robin
  3070 | D:3      | Killed Robin
  3223 | D:3      | Noticed Ijyb
  3246 | D:3      | Killed Ijyb
  3262 | D:3      | Reached skill level 1 in Fighting
  3609 | D:3      | Reached XP level 6. HP: 34/34 MP: 6/17
  3614 | D:3      | Reached skill level 1 in Air Magic
  4199 | D:4      | Found a shadowy altar of Dithmenos.
  4241 | D:4      | Noticed Sigmund
  4266 | D:4      | Killed Sigmund
  4266 | D:4      | Reached skill level 1 in Armour
  4266 | D:4      | Reached skill level 7 in Spellcasting
  4266 | D:4      | Reached skill level 1 in Fire Magic
  4356 | D:4      | Found a shimmering altar of Xom.
  4470 | D:4      | Noticed Eustachio
  4493 | D:4      | Killed Eustachio
  4493 | D:4      | Reached skill level 1 in Evocations
  4493 | D:4      | Reached XP level 7. HP: 38/38 MP: 8/20
  4962 | D:4      | Reached skill level 1 in Shields
  4966 | D:4      | Reached skill level 5 in Conjurations
  4994 | D:4      | Reached skill level 8 in Spellcasting
  5507 | D:5      | Entered Level 5 of the Dungeon
  5574 | D:5      | You fall into a shaft and drop 2 floors!
  5591 | D:6      | Found a stormy altar of Qazlal.
  5692 | D:5      | Reached XP level 8. HP: 43/43 MP: 9/22
  5980 | D:5      | Found a staircase to the Ecumenical Temple.
  5999 | Temple   | Entered the Ecumenical Temple
  6079 | Temple   | Became a worshipper of Vehumet
  6260 | D:6      | Noticed Maggie
  6261 | D:6      | Found a white marble altar of Elyvilon.
  6274 | D:6      | Found Niasarchi's Gadget Boutique.
  6571 | D:6      | Noticed Duvessa
  6571 | D:6      | Noticed Dowan
  6584 | D:6      | Killed Duvessa
  6584 | D:6      | Reached skill level 9 in Spellcasting
  6598 | D:6      | Killed Dowan
  6854 | D:6      | Killed Maggie
  7048 | D:6      | Found a hazy altar of Hepliaklqana.
  7053 | D:6      | You fall into a shaft and drop 3 floors!
  7118 | D:8      | Reached skill level 10 in Spellcasting
  7135 | D:8      | Reached XP level 9. HP: 47/47 MP: 4/25
  7278 | D:8      | Reached * piety under Vehumet
  7278 | D:8      | Offered knowledge of Shock by Vehumet.
  7535 | D:7      | Found Odug's General Store.
  7959 | D:6      | Found an iron altar of Okawaru.
  8346 | D:6      | Noticed an eight-headed hydra
  8390 | D:6      | Killed an eight-headed hydra
  8390 | D:6      | Reached skill level 11 in Spellcasting
  8728 | D:6      | Reached skill level 5 in Fire Magic
  8742 | D:6      | Noticed a two-headed ogre
  8801 | D:6      | Killed a two-headed ogre
  9080 | D:7      | Reached XP level 10. HP: 46/53 MP: 20/27
  9321 | D:7      | Bought a potion of degeneration for 14 gold pieces
  9321 | D:7      | Bought a scroll of identify for 28 gold pieces
  9537 | D:7      | Offered knowledge of Foxfire by Vehumet.
  9540 | D:7      | Learned a level 1 spell: Foxfire
  9632 | D:7      | Noticed Pikel
  9657 | D:7      | Killed Pikel
  9657 | D:7      | Reached skill level 12 in Spellcasting
  9775 | D:7      | Reached ** piety under Vehumet
 10834 | D:8      | Reached skill level 10 in Conjurations
 11155 | D:9      | Found a stormy altar of Qazlal.
 11155 | D:9      | Noticed an oklob plant
 11244 | D:9      | Found a sparkling altar of Nemelex Xobeh.
 11394 | D:9      | Offered knowledge of Static Discharge by Vehumet.
 11479 | D:9      | Reached skill level 13 in Spellcasting
 11525 | D:9      | Reached *** piety under Vehumet
 11600 | D:9      | Reached XP level 11. HP: 24/60 MP: 6/30
 11842 | D:9      | Found an ornate altar of the Wu Jian Council.
 11914 | D:9      | Found a glowing silver altar of Zin.
 12162 | D:9      | Killed an oklob plant
 12310 | D:10     | Entered Level 10 of the Dungeon
 12315 | D:10     | Offered knowledge of Ignite Poison by Vehumet.
 12363 | D:10     | Noticed Erolcha
 12395 | D:10     | Killed Erolcha
 12486 | D:10     | Noticed Sonja
 12503 | D:10     | Paralysed by Sonja for 4 turns
 12822 | D:10     | Killed Sonja
 13457 | D:10     | Noticed Snorg
 13479 | D:10     | Killed Snorg
 13729 | D:10     | Reached skill level 14 in Spellcasting
 14058 | D:10     | Noticed a deep troll
 14127 | D:10     | Killed a deep troll
 14564 | D:11     | Noticed a two-headed ogre
 14586 | D:11     | Killed a two-headed ogre
 14823 | D:11     | Reached **** piety under Vehumet
 14917 | D:11     | Noticed a purple ugly thing
 14946 | D:11     | Killed a purple ugly thing
 15091 | D:11     | Found a staircase to the Lair.
 15109 | D:11     | Noticed a red ugly thing
 15164 | D:11     | Killed a red ugly thing
 15297 | D:11     | Found a runed translucent gate.
 15297 | D:11     | Found a runed translucent gate.
 15297 | D:11     | Found a runed translucent gate.
 15298 | D:11     | Noticed an 11-headed hydra
 15298 | D:11     | Noticed Atlas's ghost (journeyman DsMo)
 15371 | D:11     | Offered knowledge of Airstrike by Vehumet.
 15560 | D:11     | Noticed a red ugly thing
 15580 | D:11     | Killed a red ugly thing
 15580 | D:11     | Reached XP level 12. HP: 45/64 MP: 25/32
 16480 | D:12     | Found a blossoming altar of Fedhas.
 16529 | D:12     | Found a gate leading to a gauntlet.
 16530 | D:12     | Noticed a two-headed ogre
 16571 | Gauntlet | Entered a Gauntlet
 16571 | Gauntlet | Found a transporter.
 16643 | Gauntlet | Found a transporter.
 16659 | Gauntlet | Found a transporter.
 16663 | Gauntlet | Found a transporter.
 16671 | Gauntlet | Noticed an eight-headed hydra
 16681 | Gauntlet | Found a transporter.
 16694 | Gauntlet | Found a transporter.
 16711 | Gauntlet | Found a transporter.
 16728 | Gauntlet | Found a transporter.
 16732 | Gauntlet | Found a transporter.
 16735 | Gauntlet | Noticed a death yak
 16736 | Gauntlet | Noticed a death yak
 16736 | Gauntlet | Noticed a death yak
 16738 | Gauntlet | Noticed a death yak
 16743 | Gauntlet | Found a transporter.
 16757 | Gauntlet | Noticed a green death
 16765 | Gauntlet | Found a transporter.
 16765 | Gauntlet | Found a transporter.
 16788 | Gauntlet | Noticed a two-headed ogre
 16788 | Gauntlet | a glowing orange brain changed into a two-headed ogre
 16799 | Gauntlet | Noticed a two-headed ogre
 16799 | Gauntlet | a dream sheep changed into a two-headed ogre
 16804 | Gauntlet | a two-headed ogre changed into a cyclops
 16955 | Gauntlet | Got a twitching emerald amulet
 16969 | Gauntlet | Identified the amulet "Dutacsad" {RegenMP +Blink rC+
                  | Slay+2} (You found it in a Gauntlet)
 16976 | Gauntlet | Got a warped spear
 16984 | Gauntlet | Noticed an ice dragon
 16984 | Gauntlet | Noticed an anaconda
 16984 | Gauntlet | an ice dragon changed into an anaconda
 16986 | Gauntlet | an anaconda changed into a torpor snail
 17056 | Gauntlet | Slain by an eight-headed hydra

Illustrated notes

Levels and vault maps discovered:
D:1:      nicolae_arrival_memento_mori, layout_loops_ring, serial_bayou_pond_c,
          okawaru_ov_weapons_minmay
D:2:      layout_loops_ring, nicolae_ru_great_annihilating_truth,
          kiku_gazebo_garden_becter, nicolae_overflow_crystal_walls,
          first_ration
D:3:      layout_basic, uniq_ijyb, uniq_robin
D:4:      minmay_octagon_keep, layout_loops_ring, xom_teletrap_fun,
          kennysheep_mini_moat, uniq_eustachio, uniq_sigmund
D:5:      layout_rooms, minmay_temple_entry_proselytizer
D:6:      minmay_chambers_of_sixes, layout_loops_ring,
          grunt_temple_overflow_open, serial_shops, shop, uniq_maggie,
          uniq_duvessa
D:7:      layout_cave_pools, serial_shops, nicolae_shop_waterfront, uniq_pikel
D:8:      minmay_clustersquares, layout_basic
D:9:      layout_basic, lemuel_crystal_altar, lemuel_doored_altar,
          nemelex_xobeh_ov_fountains_minmay, lemuel_oklob_altar
D:10:     layout_long_grid, the_bakery, nzn_random_ring, uniq_snorg, uniq_sonja,
          uniq_erolcha
D:11:     layout_long_grid, lair_entry_dummy, gammafunk_ghost_hydra_chop
D:12:     minmay_razor_zed, layout_long_grid, orc_0_dummy,
          gauntlet_entry_generic, hangedman_decor_clover_reticule,
          fedhas_bush_and_centaur_altar, uniq_urug
Temple:   compressed_dpeg_circular_temple
Gauntlet: minmay_gauntlet_mixed_oops_all_seconds
          [minmay_gauntlet_arena_77_tiled_triplets,
          gammafunk_gauntlet_arena_chambers, minmay_gauntlet_arena_77_mess,
          nicolae_gauntlet_arena_grate_2, minmay_gauntlet_arena_77_two_paths,
          gammafunk_gauntlet_arena_grid, gauntlet_exit_spiral]

Skill      XL: |  1  2  3  4  5  6  7  8  9 10 11 |
---------------+----------------------------------+-----
Spellcasting   | 5 6 7 8 10 11 13 14 | 14.9
Dodging        | 3 |  3.0
Stealth        | 3 |  3.2
Conjurations   | 2 3 4 5 7 9 10 12 | 12.3
Poison Magic   | 1 |  1.0
Fighting       | 1 3 |  3.0
Air Magic      | 1 |  1.0
Armour         | 1 2 3 |  3.5
Fire Magic     | 1 2 3 5 6 8 |  8.2
Evocations     | 1 |  1.0
Shields        | 1 2 4 |  4.0
Summonings     | |  1.1
Translocations | |  1.1

Action                   |  1- 3 |  4- 6 |  7- 9 | 10-12 || total
-------------------------+-------+-------+-------+-------++-------
Melee: Short sword       |    14 |    38 |       |       ||    52
       Whip              |       |    22 |    59 |   151 ||   232
       Long sword        |       |       |    18 |    27 ||    45
 Cast: Magic Dart        |    77 |   136 |   238 |   120 ||   571
       Mephitic Cloud    |     1 |     8 |    19 |    61 ||    89
       Call Imp          |       |     4 |    18 |    24 ||    46
       Conjure Flame     |       |     8 |    20 |    61 ||    89
       Blink             |       |       |     9 |    25 ||    34
       Foxfire           |       |       |       |   240 ||   240
Evoke: Wand              |       |       |     7 |     2 ||     9
  Use: Scroll            |       |       |       |    24 ||    24
       Potion            |       |       |       |     2 ||     2
 Stab: Confused          |     2 |     4 |     4 |    11 ||    21
  Eat: Chunk             |     2 |     9 |    11 |    20 ||    42
       Ration            |       |       |     1 |     1 ||     2
Armor: Robe              |     6 |     7 |       |       ||    13
       Leather armour    |       |       |    34 |       ||    34
       Steam dragon scal |       |       |    33 |    79 ||   112
       Troll leather arm |       |       |       |    56 ||    56
Dodge: Dodged            |    11 |    32 |   116 |   216 ||   375
       Rpst.: Long sword |       |       |    19 |    11 ||    30
